 Dungeon Crawl Stone Soup version 0.32-a0-131-g9dbbe29261 (webtiles) character file.

Game seed: 831500816999783076

34346 MasterT the Fencer (level 13, -2/118 HPs)
             Began as a Minotaur Fighter on Feb 7, 2024.
             Was an Initiate of Yredelemnul.
             Slain by an 11-headed hydra (6 damage)
             ... on level 13 of the Dungeon on Feb 8, 2024.
             The game lasted 01:11:04 (19676 turns).

MasterT the Fencer (Minotaur Fighter)              Turns: 19676, Time: 01:11:07

Health: -2/118     AC: 23    Str: 26    XL:     13   Next: 41%
Magic:  12/12      EV: 12    Int:  5    God:    Yredelemnul [......]
Gold:   1168       SH: 16    Dex: 27    Spells: 12/12 levels left

rFire   + . .        i - +10 scimitar of Deumoak {speed, MP-9 Dex+5 SInv}
rCold   . . .        c - +1 kite shield
rNeg    . . .        P - +2 plate armour
rPois   .            (helmet unavailable)
rElec   .            (no cloak)
rCorr   .            v - +2 pair of gloves
SInv    +            B - +1 pair of boots
Will    .....        (no amulet) Stlth
                     p - ring of Plog {MP+9 Dex+6}
HPRegen 0.39/turn    y - +6 ring of dexterity
MPRegen 0.13/turn

%: no passive effects
@: mighty
A: horns 3, retaliatory headbutt, fire resistance 1
a: Renounce Religion, Recall Undead Harvest


You were on level 13 of the Dungeon.
You worshipped Yredelemnul.
Yredelemnul was noncommittal.
You visited 5 branches of the dungeon, and saw 17 of its levels.

You collected 1371 gold pieces.
You spent 203 gold pieces at shops.

Inventory:

Hand Weapons
 a - a +0 trident
 d - a +4 falchion
 e - a +1 short sword of electrocution
 i - the +10 scimitar of Deumoak (weapon) {speed, MP-9 Dex+5 SInv}
   (You acquired it on level 2 of the Dungeon)

   Dex+5:     It affects your dexterity (+5).
   MP-9:      It affects your magic capacity (-9).
   SInv:      It lets you see invisible.
 q - a +4 quarterstaff of electrocution
 E - a +2 scimitar of flaming
Missiles
 l - 9 boomerangs
Armour
 c - a +1 kite shield (worn)
 v - a +2 pair of gloves (worn)
 B - a +1 pair of boots (worn)
 P - a +2 plate armour (worn)
Magical Staves
 m - a staff of air
Jewellery
 p - the ring of Plog (left hand) {MP+9 Dex+6}
   (You found it on level 3 of the Dungeon)

   [ring of dexterity]

   Dex+6:     It affects your dexterity (+6).
   MP+9:      It affects your magic capacity (+9).
 w - a ring of ice
 y - a +6 ring of dexterity (right hand)
 H - a ring of wizardry
 I - a +6 ring of dexterity
Talismans
 G - a maw talisman
Wands
 o - a wand of flame (14) (quivered)
 t - a wand of roots (21)
 A - a wand of quicksilver (8)
Scrolls
 f - 3 scrolls of noise
 h - 4 scrolls of revelation
 k - 2 scrolls of teleportation
 r - 2 scrolls of fog
 s - a scroll of amnesia {unknown}
 u - a scroll of vulnerability
 x - a scroll of blinking
 z - a scroll of enchant weapon
 F - 3 scrolls of silence
Potions
 g - 3 potions of degeneration
 j - 3 potions of resistance
 n - 3 potions of attraction
 D - a potion of lignification
 K - a potion of cancellation
 L - a potion of mutation
 O - a potion of berserk rage


   Skills:
 + Level 12.0 Fighting
 * Level 15.6 Long Blades
 - Level 3.8 Polearms
 - Level 0.3 Throwing
 + Level 12.3 Armour
 - Level 6.3 Dodging
 + Level 4.1 Stealth
 + Level 12.9 Shields
 + Level 0.8 Invocations
 * Level 2.2 Evocations


You had 12 spell levels left.
You didn't know any spells.
Your spell library contained the following spells:

 Spells                   Type           Power      Damage    Failure   Level
 Freeze                   Ice            0%         1d3       100%        1
 Frozen Ramparts          Ice            0%         1d1       100%        3
 Hailstorm                Conj/Ice       0%         3d5       100%        3
 Volatile Blastmotes      Fire/Tloc      0%         2d10      100%        3
 Anguish                  Hex/Necr       0%         N/A       100%        4
 Cause Fear               Hex            0%         N/A       100%        4
 Fulminant Prism          Conj/Alch      0%         3d5       100%        4
 Iskenderun's Mystic Bla  Conj/Tloc      0%         2d3       100%        4
 Enfeeble                 Hex            0%         N/A       100%        7


Dungeon Overview and Level Annotations

Branches:
Dungeon (13/15)            Temple (1/1) D:6            Lair (2/5) D:11
  Swamp (0/4) Lair:2          Orc (2/2) D:12            Elf (1/3) Orc:2
  Snake: Lair:2-3    Spider: Lair:2-3    Vaults: D:13-14

Altars:
Ashenzari
Dithmenos
Fedhas
Makhleb
Nemelex Xobeh
Qazlal
Sif Muna
Trog
Vehumet
Xom
Yredelemnul
Zin
The Shining One

Shops:
D:5 [?[*   Orc:2 =!((


Innate Abilities, Weirdness & Mutations

You have a pair of large horns on your head.
You reflexively headbutt those who attack you in melee.
Your flesh is heat resistant. (rF+)


Message History

The nine-headed hydra bites you but does no damage. x4
The nine-headed hydra bites you!
* * * LOW HITPOINT WARNING * * *
The nine-headed hydra bites you but does no damage.
You feel much better. The nine-headed hydra bites you.
You block the nine-headed hydra's attack.
The nine-headed hydra bites you!
* * * LOW HITPOINT WARNING * * *
The nine-headed hydra closely misses you.
The nine-headed hydra bites you but does no damage.
The nine-headed hydra bites you.
* * * LOW HITPOINT WARNING * * *
You block the nine-headed hydra's attack.
The nine-headed hydra bites you.
* * * LOW HITPOINT WARNING * * *
The nine-headed hydra bites you but does no damage.
You chop one of the nine-headed hydra's heads off!
The eight-headed hydra grows two more!
You hit the ten-headed hydra.
The ten-headed hydra is severely wounded.
You hack one of the ten-headed hydra's heads off!
The nine-headed hydra grows two more!
You slice the 11-headed hydra!!
The 11-headed hydra is almost dead.
You barely miss the 11-headed hydra.
The 11-headed hydra is almost dead.
The 11-headed hydra bites you but does no damage.
You block the 11-headed hydra's attack. The 11-headed hydra closely misses you.
The 11-headed hydra bites you but does no damage.
You block the 11-headed hydra's attack. x2
The 11-headed hydra barely misses you. The 11-headed hydra bites you!
* * * LOW HITPOINT WARNING * * *
The 11-headed hydra bites you.
* * * LOW HITPOINT WARNING * * *
The 11-headed hydra bites you but does no damage. x2
You feel very mighty all of a sudden. The 11-headed hydra barely misses you.
You block the 11-headed hydra's attack. The 11-headed hydra bites you.
* * * LOW HITPOINT WARNING * * *
The 11-headed hydra bites you.
You die...
Your body rises from the dead as a mindless zombie.

#....#... #....#..#
#....#..# #....#..#
....#..# ...#..#
.###+#####++##'##..#
!.....D@..$........####
.......$..............##
........................
#...###.............####
##+ ########......#
#......# #......#
#......# #......#


You could see a 11-headed hydra.

Vanquished Creatures
  4 ogre magi (Orc:2)
  Erica (Lair:1)
  A centaur warrior (D:10)
  12 two-headed ogres (Orc:2)
  2 spriggan druids (Lair:2)
  An orc knight (Orc:1)
  An oklob plant (D:11)
  2 manticores (D:11)
  A cyclops (D:12)
  A black mamba (Lair:2)
  4 cane toads
  2 kobold demonologists (D:12)
  4 trolls
  2 hornets (Lair:1)
  3 blink frogs (Lair:1)
  Sigmund (D:3)
  3 slime creatures
  A wyvern (D:7)
  15 yaks
  A basilisk (D:7)
  A wraith (D:11)
  5 wargs
  4 vampire mosquitoes (D:13)
  2 steam dragons
  3 water moccasins
  3 ice beasts
  2 sky beasts
  2 black bears (D:7)
  10 orc warriors
  14 ogres
  3 wolves (Lair:2)
  4 centaurs
  2 phantoms
  2 kobold brigands (D:7)
  6 bullfrogs
  A gnoll sergeant (D:7)
  An earth elemental (Elf:1)
  A scorpion (D:4)
  A wight (D:7)
  4 killer bees (D:7)
  A bombardier beetle (D:5)
  2 howler monkeys (D:6)
  2 electric eels
  4 jellies
  6 orc priests
  Crazy Yiuf (D:3)
  A hound (D:6)
  Ijyb (D:4)
  An iguana (D:5)
  A sleepcap (D:6)
  8 orc wizards
  9 adders
  3 gnolls (D:6)
  2 white imps
  An ufetubus (D:7)
  An adder zombie (D:3)
  A dart slug (D:2)
  A ribbon worm (D:4)
  35 orcs
  5 endoplasms
  3 giant cockroaches
  11 goblins
  4 hobgoblins
  9 jackals
  10 kobolds
  3 quokkas (D:1)
  7 ball pythons
  5 bats
  5 frilled lizards
  A jackal zombie (D:3)
  A quokka zombie (D:3)
  7 rats
285 creatures vanquished.

Vanquished Creatures (collateral kills)
  2 two-headed ogres (Orc:2)
  Sonja (Lair:1)
  A deep elf pyromancer (D:12)
  2 wolf spiders (Lair:1)
  A black mamba (Lair:1)
  A cane toad (Lair:2)
  2 komodo dragons (Lair:1)
  A hornet (Lair:2)
  2 blink frogs (Lair:1)
  3 yaks
  A warg (Orc:1)
  4 orc warriors
  4 ogres (Orc:2)
  A bullfrog (Lair:1)
  A killer bee (D:7)
  2 electric eels (D:10)
  3 orc wizards
  3 adders (Lair:1)
  A dart slug (D:3)
  5 orcs
  A goblin (D:3)
  A butterfly (Lair:1)
43 creatures vanquished.

Vanquished Creatures (others)
  A black mamba zombie (Lair:1)
  A slime creature zombie (D:7)
  A two-headed ogre zombie (Orc:2)
  A hornet zombie (Lair:2)
  An elf zombie (D:12)
  2 blink frog zombies (Lair:1)
  2 warg zombies
  A wight (D:7)
  A troll zombie (D:12)
  7 yak zombies
  2 wolf zombies (Lair:2)
  2 bullfrog zombies
  2 killer bee zombies (D:7)
  An ice beast zombie (D:7)
  5 ogre zombies (Orc:2)
  2 adder zombies
  A jelly zombie (D:6)
  A bat zombie (D:3)
  2 ball python zombies
  A goblin zombie (D:3)
  A jackal zombie (D:3)
  2 kobold zombies (D:12)
  17 orc zombies
57 creatures vanquished.

Grand Total: 385 creatures vanquished

Notes
Turn   | Place    | Note
-------+----------+-------------------------------------------
     0 | D:1      | MasterT the Minotaur Fighter began the quest for the Orb.
     0 | D:1      | Reached XP level 1. HP: 19/19 MP: 0/0
   214 | D:1      | Reached XP level 2. HP: 27/27 MP: 1/1
   374 | D:1      | Found a faded altar of an unknown god.
   721 | D:2      | Reached XP level 3. HP: 33/33 MP: 2/2
  1211 | D:2      | Identified a scroll of acquirement
  1211 | D:2      | Acquired the +10 scimitar of Deumoak {speed, MP-9 Dex+5
                  | SInv}
  1546 | D:3      | Found a basalt altar of Yredelemnul.
  1550 | D:3      | Reached XP level 4. HP: 40/40 MP: 0/3
  1564 | D:3      | Reached skill level 1 in Dodging
  1599 | D:3      | Became a worshipper of Yredelemnul the Dark
  1726 | D:3      | Reached skill level 1 in Long Blades
  1729 | D:3      | Reached * piety under Yredelemnul
  1730 | D:3      | Reached XP level 5. HP: 46/46 MP: 0/4
  1834 | D:3      | Found a runed translucent door.
  1835 | D:3      | Noticed Crazy Yiuf
  1961 | D:3      | Reached skill level 2 in Long Blades
  1961 | D:3      | Reached skill level 5 in Armour
  2390 | D:3      | Noticed Sigmund
  2402 | D:3      | Killed Sigmund
  2403 | D:3      | Reached skill level 3 in Long Blades
  2403 | D:3      | Reached XP level 6. HP: 47/53 MP: 0/5
  3226 | D:3      | Identified the ring of Plog {MP+9 Dex+6}
  3393 | D:3      | Killed Crazy Yiuf
  3394 | D:3      | Reached skill level 4 in Long Blades
  3624 | D:4      | Found a stormy altar of Qazlal.
  3631 | D:4      | Found a blossoming altar of Fedhas.
  3781 | D:4      | Found a shimmering blue altar of Sif Muna.
  3785 | D:4      | Found a bloodstained altar of Trog.
  3982 | D:4      | Noticed Ijyb
  3991 | D:4      | Killed Ijyb
  4117 | D:4      | Reached XP level 7. HP: 29/60 MP: 6/6
  4558 | D:5      | Entered Level 5 of the Dungeon
  4739 | D:5      | Found Xenuheov's Armour Emporium.
  4794 | D:5      | Bought a +0 kite shield for 63 gold pieces
  4848 | D:5      | Reached skill level 5 in Long Blades
  5041 | D:5      | Found Buowku's Armour Emporium.
  5076 | D:5      | Reached skill level 5 in Fighting
  5084 | D:5      | Found Fewib's General Store.
  5167 | D:5      | Reached skill level 6 in Long Blades
  5167 | D:5      | Reached skill level 5 in Shields
  5218 | D:5      | Found Caengof's Magic Scroll Shop.
  6032 | D:6      | Reached XP level 8. HP: 68/68 MP: 7/7
  6033 | D:6      | Found a staircase to the Ecumenical Temple.
  6079 | Temple   | Entered the Ecumenical Temple
  6373 | D:6      | Reached skill level 7 in Long Blades
  6373 | D:6      | Reached skill level 1 in Stealth
  6834 | D:6      | Reached skill level 8 in Long Blades
  6905 | D:6      | Reached ** piety under Yredelemnul
  7832 | D:7      | Reached XP level 9. HP: 75/75 MP: 8/8
  7866 | D:7      | Reached skill level 9 in Long Blades
  8493 | D:7      | Reached *** piety under Yredelemnul
  8528 | D:7      | Reached skill level 10 in Long Blades
  8570 | D:7      | Reached **** piety under Yredelemnul
  9052 | D:7      | You fall into a shaft and drop 3 floors!
  9052 | D:10     | Entered Level 10 of the Dungeon
  9187 | D:10     | Noticed a centaur warrior
  9201 | D:10     | Killed a centaur warrior
  9202 | D:10     | Reached skill level 11 in Long Blades
  9202 | D:10     | Reached XP level 10. HP: 36/86 MP: 9/9
 10959 | D:11     | Noticed a manticore
 10966 | D:11     | Killed a manticore
 10967 | D:11     | Reached skill level 12 in Long Blades
 11030 | D:11     | Noticed an oklob plant
 11034 | D:11     | Found a staircase to the Lair.
 11074 | D:11     | Reached skill level 5 in Dodging
 11085 | D:11     | Reached skill level 1 in Evocations
 11176 | D:11     | Killed an oklob plant
 11196 | Lair:1   | Entered Level 1 of the Lair of Beasts
 11196 | Lair:1   | Noticed Erica
 11283 | Lair:1   | Reached XP level 11. HP: 74/95 MP: 10/10
 11385 | Lair:1   | Reached ***** piety under Yredelemnul
 11385 | Lair:1   | Reached skill level 13 in Long Blades
 11480 | Lair:1   | Noticed a wolf spider
 11481 | Lair:1   | Noticed a wolf spider
 11481 | Lair:1   | Reached ****** piety under Yredelemnul
 11489 | Lair:1   | Killed a wolf spider
 11491 | Lair:1   | Killed a wolf spider
 12022 | Lair:1   | Killed Erica
 12023 | Lair:1   | Reached skill level 10 in Armour
 12760 | Lair:1   | Noticed Sonja
 12768 | Lair:1   | Killed Sonja
 13262 | Lair:2   | Reached skill level 14 in Long Blades
 13909 | Lair:2   | Reached skill level 10 in Shields
 14040 | Lair:2   | Paralysed by a hornet for 3 turns
 14043 | Lair:2   | Noticed a spriggan druid
 14045 | Lair:2   | Noticed a spriggan druid
 14066 | Lair:2   | Killed a spriggan druid
 14067 | Lair:2   | Reached XP level 12. HP: 30/106 MP: 11/11
 14529 | Lair:2   | Found a staircase to the Swamp.
 15089 | D:11     | Found a stormy altar of Qazlal.
 15131 | D:11     | Reached skill level 10 in Fighting
 15237 | D:11     | Gained mutation: You occasionally shout uncontrollably at
                  | your foes. [potion of mutation]
 15237 | D:11     | Gained mutation: You are clumsy. (Dex -2) [potion of
                  | mutation]
 15237 | D:11     | Gained mutation: Your natural rate of healing is unusually
                  | fast. [potion of mutation]
 15238 | D:11     | Lost mutation: You are clumsy. (Dex -2) [potion of
                  | mutation]
 15238 | D:11     | Lost mutation: Your natural rate of healing is unusually
                  | fast. [potion of mutation]
 15238 | D:11     | Lost mutation: You occasionally shout uncontrollably at
                  | your foes. [potion of mutation]
 15238 | D:11     | Gained mutation: Your magical capacity is low. (-10% MP)
                  | [potion of mutation]
 15894 | D:12     | Upgraded the game from 0.32-a0-128-g77eb882913 to
                  | 0.32-a0-131-g9dbbe29261
 16172 | D:12     | Found a staircase to the Orcish Mines.
 16186 | D:12     | Lost mutation: Your magical capacity is low. (-10% MP)
                  | [potion of mutation]
 16186 | D:12     | Gained mutation: You have a pair of large horns on your
                  | head. [potion of mutation]
 16186 | D:12     | Gained mutation: Your flesh is heat resistant. (rF+)
                  | [potion of mutation]
 16204 | Orc:1    | Entered Level 1 of the Orcish Mines
 16726 | Orc:2    | Entered Level 2 of the Orcish Mines
 16793 | Orc:2    | Noticed a two-headed ogre
 16793 | Orc:2    | Noticed a two-headed ogre
 16793 | Orc:2    | Noticed an ogre mage
 16793 | Orc:2    | Noticed a two-headed ogre
 16793 | Orc:2    | Noticed a two-headed ogre
 16794 | Orc:2    | Noticed an ogre mage
 16794 | Orc:2    | Noticed an ogre mage
 16795 | Orc:2    | Noticed an ogre mage
 16795 | Orc:2    | Noticed a two-headed ogre
 16796 | Orc:2    | Noticed a two-headed ogre
 16797 | Orc:2    | Noticed a two-headed ogre
 16798 | Orc:2    | Noticed a two-headed ogre
 16800 | Orc:2    | Found Kuymycy's Jewellery Shoppe.
 16800 | Orc:2    | Found Zuilu's Weapon Boutique.
 16800 | Orc:2    | Noticed a two-headed ogre
 16801 | Orc:2    | Noticed a two-headed ogre
 16801 | Orc:2    | Noticed a two-headed ogre
 16802 | Orc:2    | Noticed a two-headed ogre
 16803 | Orc:2    | Killed a two-headed ogre
 16804 | Orc:2    | Noticed a two-headed ogre
 16852 | Orc:2    | Noticed a two-headed ogre
 16862 | Orc:2    | Killed a two-headed ogre
 16863 | Orc:2    | Reached skill level 15 in Long Blades
 16885 | Orc:2    | Killed a two-headed ogre
 16890 | Orc:2    | Killed a two-headed ogre
 16899 | Orc:2    | Killed a two-headed ogre
 16906 | Orc:2    | Killed a two-headed ogre
 16909 | Orc:2    | Killed an ogre mage
 16978 | Orc:2    | Killed an ogre mage
 16979 | Orc:2    | Reached XP level 13. HP: 115/116 MP: 12/12
 17009 | Orc:2    | Found Dookhloth's Distillery.
 17010 | Orc:2    | Found Lylam's Weapon Emporium.
 17267 | Orc:2    | Bought a potion of heal wounds for 70 gold pieces
 17267 | Orc:2    | Bought a potion of berserk rage for 70 gold pieces
 17375 | Orc:2    | Found a staircase to the Elven Halls.
 18378 | Elf:1    | Entered Level 1 of the Elven Halls
 18387 | Elf:1    | Noticed a deep elf sorcerer
 19676 | D:13     | HP: 4/118 [11-headed hydra (5)]
 19676 | D:13     | Slain by an 11-headed hydra

Illustrated notes

Levels and vault maps discovered:
D:1:      hellmonk_arrival_library, layout_rooms,
          shapermc_ecumenical_altar_mp_highgroup, minmay_pentomino_w4
D:2:      cheibrodos_old_hovel, layout_loops_ring, minmay_stone_trees_small,
          minmay_misc_feat_roman, minmay_goblin_outpost
D:3:      layout_basic, nicolae_yredelemnul_corpse_copse, grunt_decor_fettered,
          uniq_crazy_yiuf_cottage, uniq_sigmund
D:4:      layout_basic, grunt_temple_overflow_forces_of_nature,
          hellmonk_overflow_destroyed_library, uniq_ijyb
D:5:      layout_basic, mainiacjoe_sewer_entry_somewhere_in_here_2,
          serial_shops, shop, shop, shop, nicolae_shop_pleasant_corner_grove
D:6:      layout_layer_cave, minmay_temple_entry_proselytizer
D:7:      nzn_winding_woodlands_stair_cross [nzn_winding_woodlands_5x15_pool,
          nzn_winding_woodlands_center_lodge, nzn_winding_woodlands_5x15_cabin,
          nzn_winding_woodlands_5x5_cross, nzn_winding_woodlands_5x5_default,
          nzn_winding_woodlands_5x15_sawtooth,
          nzn_winding_woodlands_center_diamonds,
          nzn_winding_woodlands_5x15_crooked], layout_basic,
          jmf_multi_god_temple2, mainiacjoe_overflow_paths
D:10:     layout_basic, serial_bayou, serial_bayou_lagoon_b,
          serial_bayou_pond_e, serial_bayou_pond_c, serial_bayou_shore_b
D:11:     layout_roguey, dpeg_oklobed_lair, minmay_crystal_water,
          grunt_qazlal_sundering
D:12:     layout_rooms, david_orc_4, minivault_1, hex_medium
D:13:     layout_irregular_city, uniq_josephine, uniq_rupert, uniq_jorgrun
Temple:   hellmonk_temple_beads
Lair:1:   minmay_lair_venomous_thicket, layout_chaotic_city, minivault_11,
          serial_bayou_shore_a, lemuel_fruit_fields, uniq_erica, uniq_sonja
Lair:2:   layout_cellular_growth, mainiacjoe_swamp_entry_angry_trees,
          serial_bayou_pond_a
Orc:1:    layout_diamond_mine
Orc:2:    st_orc_ogre_mass, layout_caves
Elf:1:    layout_loops_corners, serial_shops, nicolae_shop_just_a_little_nook,
          nicolae_shop_statue_plus, nicolae_shop_pleasant_corner_grove, shop,
          minmay_elf_necromancy, hangedman_elven_crosses_minicolossus,
          uniq_asterion

Skill      XL: |  1  2  3  4  5  6  7  8  9 10 11 12 13 |
---------------+----------------------------------------+-----
Armour         | 4 5 6 7 8 9 10 11 12 | 12.3
Polearms       | 3 |  3.8
Fighting       | 4 5 6 7 8 9 11 12 | 12.0
Shields        | 4 5 7 8 10 12 | 12.9
Dodging        | 1 2 4 5 6 |  6.3
Long Blades    | 1 3 4 6 8 11 12 14 15 | 15.6
Stealth        | 1 2 3 4 |  4.1
Evocations     | 1 2 |  2.2
Throwing       | |  0.3
Invocations    | |  0.8

Action                     |  1- 3 |  4- 6 |  7- 9 | 10-12 | 13-15 || total
---------------------------+-------+-------+-------+-------+-------++-------
  Melee: Trident           |    89 |       |       |       |       ||    89
         Headbutt          |     9 |    17 |    39 |    97 |    20 ||   182
         Scimitar          |     4 |    96 |   180 |   385 |    69 ||   734
  Throw: Throwing net      |       |       |       |     1 |       ||     1
 Invoke: Recall Undead Har |       |     1 |       |     1 |       ||     2
         Dark Bargain      |       |       |       |     1 |       ||     1
  Evoke: Wand              |       |       |       |    13 |     9 ||    22
    Use: Scroll            |     9 |     1 |     6 |     7 |     3 ||    26
         Potion            |       |     1 |     2 |     5 |     2 ||    10
   Stab: Distracted        |       |       |     1 |     4 |     2 ||     7
         Held in net/web   |       |       |       |     1 |       ||     1
 Armour: Scale mail        |    94 |    59 |   151 |    82 |       ||   386
         Chain mail        |       |       |       |    76 |    11 ||    87
         Plate armour      |       |       |       |       |    54 ||    54
  Dodge: Dodged            |    63 |    31 |    62 |   101 |    47 ||   304
  Block: Buckler           |    20 |    24 |       |       |       ||    44
         Kite shield       |       |       |   118 |   215 |    74 ||   407
         Form:             |       |       |     1 |       |       ||     1
         Maw               |       |       |     1 |       |       ||     1

Table legend: (Time is in decaauts)
 A = Elapsed time spent in this place.
 B = Non-inter-level travel time spent in this place.
 C = Inter-level travel time spent in this place.
 D = Time resting spent in this place.
 E = Time spent auto-exploring this place.
 F = Levels seen in this place.
 G = Mean time per level.
                   A        B        C        D        E       F      G
               +--------+--------+--------+--------+--------+-----+--------+
         Total |  19527 |  18717 |    810 |   6267 |   5266 |  17 | 1148.6 |
       Dungeon |  12683 |  12447 |    236 |   3876 |   3979 |  11 | 1153.0 |
        Temple |    117 |    117 |      0 |      0 |      0 |   1 |  117.0 |
          Lair |   3735 |   3679 |     56 |   1524 |    883 |   2 | 1867.5 |
  Orcish Mines |   2979 |   2461 |    518 |    867 |    404 |   2 | 1489.5 |
   Elven Halls |     11 |     11 |      0 |      0 |      0 |   1 |   11.0 |
               +--------+--------+--------+--------+--------+-----+--------+

Top non-repeatable levels by time:
  Lair:1: 2213 daAuts
     D:3: 1991 daAuts
   Orc:2: 1961 daAuts
    D:10: 1856 daAuts
     D:6: 1642 daAuts
  Lair:2: 1521 daAuts
     D:5: 1489 daAuts
     D:7: 1231 daAuts
    D:12: 1154 daAuts
   Orc:1: 1018 daAuts
     D:4: 1017 daAuts
     D:2: 915 daAuts
    D:11: 650 daAuts
     D:1: 646 daAuts
  Temple: 117 daAuts
